| TOP OF THE 1ST |
|
Portland Angels batting - Pitching for Calgary Flames : RHP Scott Howarth
|
|
Pitching: RHP Scott Howarth
|
|
|
Batting: RHB Jose Garduno
|
0-0: Called Strike 0-1: Called Strike 0-2: Ball 1-2: Foul Ball, location: 2F 1-2: Foul Ball, location: 2F 1-2: Ball 2-2: Ball 3-2: Strikes out swinging
|
|
Batting: LHB Miguel Hernandez
|
0-0: Swinging Strike 0-1: Ball 1-1: Fly out, F6 (Popup, 56D, EV 69.4 MPH)
|
|
Batting: RHB Alex Rosaly
|
0-0: Foul Ball, location: 2F 0-1: Ball 1-1: Foul Ball, location: 2F 1-2: Strikes out swinging
|
| Top of the 1st over - 0 runs, 0 hits, 0 errors, 0 left on base; Portland 0 - Calgary 0 |
| BOTTOM OF THE 1ST |
|
Calgary Flames batting - Pitching for Portland Angels : LHP Lee Wendt
|
|
Pitching: LHP Lee Wendt
|
|
|
Batting: SHB Yu-hsui Lew
|
0-0: Ball 1-0: Swinging Strike 1-1: Foul Ball, location: 2F 1-2: Ball 2-2: Ball 3-2: Base on Balls
|
|
Batting: RHB Andre Thompson
|
0-0: SINGLE (Line Drive, 8RS, EV 98.8 MPH) Yu-hsui Lew to second
|
|
Batting: RHB Juan Mercado
|
0-0: Ball 1-0: Called Strike 1-1: Ball 2-1: Swinging Strike 2-2: Strikes out swinging
|
|
Batting: RHB Juan Maravilla
|
0-0: Ball Yu-hsui Lew steals 3rd base (no throw) 1-0: Foul Ball, location: 2F 1-1: Ball 2-1: Ball 3-1: Called Strike 3-2: Base on Balls Andre Thompson to second
|
|
Batting: LHB Greg Robertson
|
0-0: Foul Ball, location: 2F 0-1: Foul Ball, location: 2F 0-2: Strikes out looking
|
|
Batting: LHB Bruce Daley
|
0-0: Ball 1-0: SINGLE (Groundball, P, EV 96.2 MPH) Yu-hsui Lew scores Andre Thompson to third Juan Maravilla to second Runner from 3rd tries for Home, SAFE, throw by CF to home
|
|
Batting: RHB Chad Stady
|
0-0: Called Strike 0-1: Ball 1-1: Swinging Strike 1-2: Strikes out swinging
|
| Bottom of the 1st over - 2 runs, 2 hits, 0 errors, 2 left on base; Portland 0 - Calgary 2 |
| TOP OF THE 2ND |
|
Portland Angels batting - Pitching for Calgary Flames : RHP Scott Howarth
|
|
Batting: RHB Mario Martinez
|
0-0: Ball 1-0: Swinging Strike 1-1: Swinging Strike 1-2: Strikes out looking
|
|
Batting: RHB Jayden Hollaway
|
0-0: Swinging Strike 0-1: Swinging Strike 0-2: Strikes out swinging
|
|
Batting: LHB John Harvey
|
0-0: Ball 1-0: Swinging Strike 1-1: Foul Ball, location: 2F 1-2: Strikes out swinging
|
| Top of the 2nd over - 0 runs, 0 hits, 0 errors, 0 left on base; Portland 0 - Calgary 2 |
| BOTTOM OF THE 2ND |
|
Calgary Flames batting - Pitching for Portland Angels : LHP Lee Wendt
|
|
Batting: RHB Jim Harkness
|
0-0: Foul Ball, location: 2F 0-1: Foul Ball, location: 2F 0-2: Foul Ball, location: 2F 0-2: Strikes out swinging
|
|
Batting: RHB Ryan Allen
|
0-0: Ground out 6-3 (Groundball, 6, EV 89.4 MPH)
|
|
Batting: SHB Yu-hsui Lew
|
0-0: Swinging Strike 0-1: Ball 1-1: Called Strike 1-2: Foul Ball, location: 2F 1-2: Ball 2-2: Ball 3-2: Strikes out swinging
|
| Bottom of the 2nd over - 0 runs, 0 hits, 0 errors, 0 left on base; Portland 0 - Calgary 2 |
| TOP OF THE 3RD |
|
Portland Angels batting - Pitching for Calgary Flames : RHP Scott Howarth
|
|
Batting: RHB Bob Dewar
|
0-0: Ball 1-0: Called Strike 1-1: Foul Ball, location: 2F 1-2: DOUBLE (Flyball, 8RD, EV 95.6 MPH)
|
|
Batting: RHB Ken Beck
|
0-0: Called Strike 0-1: Fly out, F3 (Popup, 23F, EV 88.8 MPH)
|
|
Batting: LHB Matt Herndon
|
0-0: Ball 1-0: Called Strike 1-1: Foul Ball, location: 2F 1-2: Strikes out swinging
|
|
Batting: RHB Jose Garduno
|
0-0: Ball 1-0: Fly out, F9 (Flyball, 9, EV 85.0 MPH)
|
| Top of the 3rd over - 0 runs, 1 hit, 0 errors, 1 left on base; Portland 0 - Calgary 2 |
| BOTTOM OF THE 3RD |
|
Calgary Flames batting - Pitching for Portland Angels : LHP Lee Wendt
|
|
Batting: RHB Andre Thompson
|
0-0: Called Strike 0-1: Ball 1-1: Foul Ball, location: 2F 1-2: Ball 2-2: Ground out 3-1 (Groundball, 34S, EV 84.4 MPH)
|
|
Batting: RHB Juan Mercado
|
0-0: Ball 1-0: Ball 2-0: Swinging Strike 2-1: Called Strike 2-2: Foul Ball, location: 2F 2-2: Ball 3-2: Strikes out looking
|
|
Batting: RHB Juan Maravilla
|
0-0: Foul Ball, location: 2F 0-1: Foul Ball, location: 2F 0-2: Ball 1-2: Strikes out swinging
|
| Bottom of the 3rd over - 0 runs, 0 hits, 0 errors, 0 left on base; Portland 0 - Calgary 2 |
| TOP OF THE 4TH |
|
Portland Angels batting - Pitching for Calgary Flames : RHP Scott Howarth
|
|
Batting: LHB Miguel Hernandez
|
0-0: Swinging Strike 0-1: Ball 1-1: Ball 2-1: Ball 3-1: Foul Ball, location: 2F 3-2: Foul Ball, location: 2F 3-2: Foul Ball, location: 2F 3-2: Strikes out swinging
|
|
Batting: RHB Alex Rosaly
|
0-0: Ground out 5-3 (Groundball, 5, EV 100.6 MPH)
|
|
Batting: RHB Mario Martinez
|
0-0: SINGLE (Groundball, 6D, EV 106.9 MPH)
|
|
Batting: RHB Jayden Hollaway
|
0-0: SINGLE (Line Drive, 89M, EV 98.1 MPH) Mario Martinez to second
|
|
Batting: LHB John Harvey
|
0-0: Called Strike 0-1: DOUBLE (Flyball, 8RD, EV 88.8 MPH) Mario Martinez scores Jayden Hollaway to third Runner from 3rd tries for Home, SAFE, throw by CF to trailing runner, SAFE at third!
|
|
Batting: RHB Bob Dewar
|
0-0: Ball 1-0: Swinging Strike 1-1: Ground out 6-3 (Groundball, 6, EV 97.5 MPH)
|
| Top of the 4th over - 2 runs, 3 hits, 0 errors, 1 left on base; Portland 2 - Calgary 2 |
| BOTTOM OF THE 4TH |
|
Calgary Flames batting - Pitching for Portland Angels : LHP Lee Wendt
|
|
Batting: LHB Greg Robertson
|
0-0: Ball 1-0: Swinging Strike 1-1: Ball 2-1: Called Strike 2-2: Ball 3-2: Strikes out swinging
|
|
Batting: LHB Bruce Daley
|
0-0: Ball 1-0: Called Strike 1-1: Foul Ball, location: 2F 1-2: Strikes out swinging
|
|
Batting: RHB Chad Stady
|
0-0: Ball 1-0: DOUBLE (Flyball, 89XD, EV 98.1 MPH)
|
|
Batting: RHB Jim Harkness
|
0-0: Called Strike 0-1: Ground out 5-3 (Groundball, 56, EV 83.1 MPH)
|
| Bottom of the 4th over - 0 runs, 1 hit, 0 errors, 1 left on base; Portland 2 - Calgary 2 |
| TOP OF THE 5TH |
|
Portland Angels batting - Pitching for Calgary Flames : RHP Scott Howarth
|
|
Batting: RHB Ken Beck
|
0-0: Foul Ball, location: 2F 0-1: Foul Ball, location: 2F 0-2: Strikes out swinging
|
|
Batting: LHB Matt Herndon
|
0-0: Ball 1-0: Called Strike 1-1: Ball 2-1: Swinging Strike 2-2: Strikes out swinging
|
|
Batting: RHB Jose Garduno
|
0-0: Ball 1-0: Ground out 4-3 (Groundball, 4, EV 91.2 MPH)
|
| Top of the 5th over - 0 runs, 0 hits, 0 errors, 0 left on base; Portland 2 - Calgary 2 |
| BOTTOM OF THE 5TH |
|
Calgary Flames batting - Pitching for Portland Angels : LHP Lee Wendt
|
|
Batting: RHB Ryan Allen
|
0-0: SOLO HOME RUN (Flyball, 7LD, EV 96.2 MPH), Distance : 367 ft
|
|
Batting: SHB Yu-hsui Lew
|
0-0: Ball 1-0: Ground out 4-3 (Groundball, 4, EV 84.4 MPH)
|
|
Batting: RHB Andre Thompson
|
0-0: DOUBLE (Flyball, 89D, EV 91.9 MPH)
|
|
Batting: RHB Juan Mercado
|
0-0: Ball 1-0: SINGLE (Groundball, 6MD, EV 98.1 MPH) Andre Thompson to third Runner from 3rd tries for Home, SAFE, throw by CF to home
|
|
Batting: RHB Juan Maravilla
|
0-0: Foul Ball, location: 2F 0-1: Foul Ball, location: 2F 0-2: SINGLE (Line Drive, 89M, EV 108.1 MPH) Juan Mercado to second
|
|
Batting: LHB Greg Robertson
|
0-0: Called Strike 0-1: Fly out, F9 (Flyball, 9, EV 89.4 MPH)
|
|
Pitching: LHP Jon Ray
|
|
|
Batting: LHB Bruce Daley
|
0-0: Ball 1-0: Swinging Strike 1-1: Ball 2-1: Ball 3-1: Base on Balls Juan Mercado to third Juan Maravilla to second
|
|
Batting: RHB Chad Stady
|
0-0: Ball 1-0: Foul Ball, location: 2F 1-1: Ball 2-1: Ball 3-1: Base on Balls Juan Mercado scores Juan Maravilla to third Bruce Daley to second
|
|
Batting: RHB Jim Harkness
|
0-0: Ground out 4-3 (Groundball, 4, EV 98.1 MPH)
|
| Bottom of the 5th over - 3 runs, 4 hits, 0 errors, 3 left on base; Portland 2 - Calgary 5 |
| TOP OF THE 6TH |
|
Portland Angels batting - Pitching for Calgary Flames : RHP Scott Howarth
|
|
Batting: LHB Miguel Hernandez
|
0-0: Ball 1-0: Bunt for hit to P - play at first, batter OUT! 1-3
|
|
Batting: RHB Alex Rosaly
|
0-0: Ground out 6-3 (Groundball, 6, EV 86.9 MPH)
|
|
Batting: RHB Mario Martinez
|
0-0: Foul Ball, location: 2F 0-1: Called Strike 0-2: Strikes out swinging
|
| Top of the 6th over - 0 runs, 0 hits, 0 errors, 0 left on base; Portland 2 - Calgary 5 |
| BOTTOM OF THE 6TH |
|
Calgary Flames batting - Pitching for Portland Angels : LHP Jon Ray
|
|
Batting: RHB Ryan Allen
|
0-0: Foul Ball, location: 2F 0-1: Foul Ball, location: 2F 0-2: Fly out, F9 (Flyball, 89M, EV 83.8 MPH)
|
|
Batting: SHB Yu-hsui Lew
|
0-0: Ball 1-0: Called Strike 1-1: Ball 2-1: Foul Ball, location: 2F 2-2: Ground out 3-1 (Groundball, 34S, EV 86.2 MPH)
|
|
Batting: RHB Andre Thompson
|
0-0: Swinging Strike 0-1: Ball 1-1: Foul Ball, location: 2F 1-2: Ball 2-2: Ball 3-2: Foul Ball, location: 2F 3-2: Foul Ball, location: 2F 3-2: Strikes out looking
|
| Bottom of the 6th over - 0 runs, 0 hits, 0 errors, 0 left on base; Portland 2 - Calgary 5 |
| TOP OF THE 7TH |
|
Portland Angels batting - Pitching for Calgary Flames : RHP Scott Howarth
|
|
Batting: RHB Jayden Hollaway
|
0-0: Called Strike 0-1: Fly out, F6 (Popup, 6M, EV 58.1 MPH)
|
|
Batting: LHB John Harvey
|
0-0: Called Strike 0-1: Foul Ball, location: 2F 0-2: Strikes out looking
|
|
Batting: RHB Bob Dewar
|
0-0: Called Strike 0-1: Ball 1-1: Called Strike 1-2: Foul Ball, location: 2F 1-2: Strikes out swinging, 2-3 out at first.
|
| Top of the 7th over - 0 runs, 0 hits, 0 errors, 0 left on base; Portland 2 - Calgary 5 |
| BOTTOM OF THE 7TH |
|
Calgary Flames batting - Pitching for Portland Angels : LHP Jon Ray
|
|
Batting: RHB Juan Mercado
|
0-0: Ball 1-0: Swinging Strike 1-1: Ball 2-1: Ball 3-1: Base on Balls
|
|
Batting: RHB Juan Maravilla
|
0-0: Called Strike 0-1: Foul Ball, location: 2F 0-2: Foul Ball, location: 2F 0-2: Strikes out looking
|
|
Batting: LHB Greg Robertson
|
0-0: Grounds into double play, 4-6-3 (Groundball, 4, EV 105.0 MPH)
|
| Bottom of the 7th over - 0 runs, 0 hits, 0 errors, 0 left on base; Portland 2 - Calgary 5 |
| TOP OF THE 8TH |
|
Portland Angels batting - Pitching for Calgary Flames : RHP Scott Howarth
|
|
Pinch Hitting: LHB Jon Rahn
|
0-0: Foul Ball, location: 2F 0-1: Ball 1-1: Foul Ball, location: 2F 1-2: DOUBLE (Line Drive, 7LM, EV 88.8 MPH)
|
|
Pinch Hitting: RHB Esteban Rangel
|
0-0: Called Strike 0-1: Ball 1-1: SINGLE (Groundball, 4MD, EV 103.8 MPH) Jon Rahn to third
|
|
Pitching: RHP Dennis Seebacher
|
|
|
Batting: RHB Jose Garduno
|
0-0: Ball 1-0: Ball 2-0: Ball 3-0: Called Strike 3-1: Base on Balls Esteban Rangel to second
|
|
Pinch Hitting: RHB Joe Keough
|
0-0: Called Strike 0-1: Foul Ball, location: 2F 0-2: Foul Ball, location: 2F 0-2: Grounds into fielders choice 6-2 (Groundball, 6S, EV 92.5 MPH) Esteban Rangel to third Jose Garduno to second
|
|
Batting: RHB Alex Rosaly
|
0-0: Ball 1-0: Called Strike 1-1: SINGLE (Line Drive, 8RS, EV 104.4 MPH) Esteban Rangel scores Jose Garduno to third Joe Keough to second
|
|
Batting: RHB Mario Martinez
|
0-0: Ball 1-0: Ball 2-0: Called Strike 2-1: Ball 3-1: Swinging Strike 3-2: Foul Ball, location: 2F 3-2: Base on Balls Jose Garduno scores Joe Keough to third Alex Rosaly to second
|
|
Pitching: RHP John Smyth
|
|
|
Batting: LHB Lupe Garcia
|
0-0: Foul Ball, location: 2F 0-1: Called Strike 0-2: Foul Ball, location: 2F 0-2: Ball 1-2: Ball 2-2: Foul Ball, location: 2F 2-2: Foul Ball, location: 2F 2-2: Strikes out looking
|
|
Pitching: RHP Danny Valdovinos
|
|
|
Pinch Hitting: RHB Dan Contreras
|
0-0: Ground out U3 (Groundball, 34, EV 83.1 MPH)
|
| Top of the 8th over - 2 runs, 3 hits, 0 errors, 3 left on base; Portland 4 - Calgary 5 |
| BOTTOM OF THE 8TH |
|
Calgary Flames batting - Pitching for Portland Angels : LHP Jon Ray
|
|
Now at SS: Eric Hays
|
|
|
Now in LF: Lourens Aukema
|
|
|
Now in CF: Dan Contreras
|
|
|
Now in RF: Dustin Watling
|
|
|
Batting: LHB Bruce Daley
|
0-0: Ball 1-0: Called Strike 1-1: Ball 2-1: Called Strike 2-2: DOUBLE (Flyball, 8LXD, EV 110.0 MPH)
|
|
Batting: RHB Chad Stady
|
0-0: Swinging Strike 0-1: Ball 1-1: Called Strike 1-2: Ball 2-2: Strikes out looking
|
|
Batting: RHB Jim Harkness
|
0-0: Intentional Walk
|
|
Batting: RHB Ryan Allen
|
0-0: Ball 1-0: Swinging Strike 1-1: Foul Ball, location: 2F 1-2: Strikes out swinging
|
|
Pitching: RHP Jim Sawicki
|
|
|
Batting: SHB Yu-hsui Lew
|
0-0: Ball 1-0: Called Strike 1-1: Foul Ball, location: 2F 1-2: Ball 2-2: Strikes out swinging
|
| Bottom of the 8th over - 0 runs, 1 hit, 0 errors, 2 left on base; Portland 4 - Calgary 5 |
| TOP OF THE 9TH |
|
Portland Angels batting - Pitching for Calgary Flames : RHP Danny Valdovinos
|
|
Now at 2B: Pablo Henriquez
|
|
|
Now at 3B: Yu-hsui Lew
|
|
|
Now in CF: Andre Thompson
|
|
|
Batting: RHB Bob Dewar
|
0-0: Called Strike 0-1: Foul Ball, location: 2F 0-2: Ball 1-2: Ball 2-2: Foul Ball, location: 2F 2-2: Fly out, F8 (Line Drive, 8LM, EV 90.0 MPH)
|
|
Batting: LHB Lourens Aukema
|
0-0: Swinging Strike 0-1: Foul Ball, location: 2F 0-2: Strikes out looking
|
|
Batting: RHB Dustin Watling
|
0-0: Fly out, F9 (Flyball, 89S, EV 92.5 MPH)
|
| Top of the 9th over - 0 runs, 0 hits, 0 errors, 0 left on base; Portland 4 - Calgary 5 |
|